 Dungeon Crawl Stone Soup version 0.30-a0-586-g23e55c9e0a (webtiles) character file.

Game seed: 9418916311945678614

44 Sabo the Trooper (level 3, -3/29 HPs)
             Began as a Demonspawn Berserker on Jan 4, 2023.
             Was a Believer of Trog.
             Slain by a water moccasin (4 damage)
             ... on level 5 of the Dungeon.
             The game lasted 00:09:30 (1998 turns).

Sabo the Trooper (Demonspawn Berserker)             Turns: 1998, Time: 00:09:30

Health: -3/29      AC:  5    Str: 19    XL:     3   Next: 39%
Magic:  3/3        EV: 13    Int:  8    God:    Trog [**....]
Gold:   100        SH:  4    Dex: 12    Spells: 2/2 levels left

rFire   . . .      SeeInvis .    j - +0 war axe
rCold   . . .      Faith    .    (no shield)
rNeg    . . .      Spirit   .    l - +0 ring mail
rPois   .          Reflect  .    (no helmet)
rElec   .          Harm     .    (no cloak)
rCorr   .          Rampage  .    (no gloves)
Will    +....                    (no boots)
Stlth   +                        (no amulet)
HPRegen 0.24/turn                f - ring of willpower
MPRegen 0.08/turn                (no ring)

@: lethally poisoned (-3 -> -6)
A: repulsion field 1, condensation shield
a: Renounce Religion, Berserk, Trog's Hand


You were on level 5 of the Dungeon.
You worshipped Trog.
Trog was pleased with you.
You visited 1 branch of the dungeon, and saw 4 of its levels.

You collected 100 gold pieces.

Inventory:

Hand Weapons
 e - a +0 sling
 j - a +0 war axe (weapon)
Missiles
 m - 3 poisoned darts (quivered)
Armour
 l - a +0 ring mail (worn)
Jewellery
 f - a ring of willpower (left hand)
Scrolls
 a - a scroll of fog {unknown}
 b - a scroll of magic mapping
 c - a scroll of poison
 k - a scroll of vulnerability {unknown}
Potions
 d - a potion of curing {unknown}
 g - 2 potions of invisibility {unknown}
 h - 2 potions of brilliance {unknown}


   Skills:
 + Level 3.4 Fighting
 + Level 3.3 Axes
 + Level 1.9 Armour
 + Level 2.1 Dodging
 + Level 0.2 Stealth


You had 2 spell levels left.
You didn't know any spells.
Your spell library was empty.

Dungeon Overview and Level Annotations

Branches:
Dungeon (3/15)

Altars:


Innate Abilities, Weirdness & Mutations

You are surrounded by a mild repulsion field. (EV +2)
A meltable shield of frost defends you. (SH +4)


Message History

Found 16 gold pieces.
A bat comes into view.
The bat barely misses you.
You closely miss the bat. The bat closely misses you.
The bat hits you but does no damage. The bat misses you.
You hit the bat.
You kill the bat!
Trog accepts your kill.
An endoplasm comes into view.
A sourceless malevolence fills the Dungeon...
You fall into a shaft and drop 2 floors!
The shaft crumbles and collapses.
Found a stone staircase leading down.
A water moccasin comes into view.
The water moccasin hisses angrily.
Found a stone staircase leading up.
The water moccasin bites you!
There is a stone staircase leading down, spattered with blood here.
You miss the water moccasin.
The water moccasin bites you but does no damage.
You miss the water moccasin. The water moccasin bites you. x2
You are poisoned.
The water moccasin poisons you!
You hit the water moccasin.
The water moccasin is lightly wounded.
You feel very sick. The water moccasin bites you.
* * * LOW HITPOINT WARNING * * *
The water moccasin bites you.
* * * LOW HITPOINT WARNING * * *
You hit the water moccasin.
The water moccasin is moderately wounded.
* * * LOW HITPOINT WARNING * * *
You feel sick. The water moccasin barely misses you.
The water moccasin closely misses you.
You hit the water moccasin.
The water moccasin is moderately wounded.
* * * LOW HITPOINT WARNING * * *
You feel sick. The water moccasin bites you.
You die...

##################
......S@.........#
#######.########.#######
#.# #........ #.#
#######.# #.# .# #.# ##
<.. #..


You could see a water moccasin.

Vanquished Creatures
  2 dart slugs
  3 endoplasms
  A giant cockroach (D:1)
  4 goblins
  A hobgoblin (D:1)
  4 jackals (D:2)
  A quokka (D:1)
  4 ball pythons (D:1)
  7 bats
  4 frilled lizards (D:2)
  5 kobolds
  7 rats
43 creatures vanquished.

Notes
Turn   | Place    | Note
-------+----------+-------------------------------------------
     0 | D:1      | Sabo the Demonspawn Berserker began the quest for the Orb.
     0 | D:1      | Reached XP level 1. HP: 18/18 MP: 1/1
   210 | D:1      | Gained mutation: A meltable shield of frost defends you.
                  | (SH +4) [demonic ancestry]
   210 | D:1      | Reached XP level 2. HP: 23/24 MP: 2/2
  1271 | D:2      | Gained mutation: You are surrounded by a mild repulsion
                  | field. (EV +2) [demonic ancestry]
  1271 | D:2      | Reached XP level 3. HP: 29/29 MP: 3/3
  1363 | D:2      | Reached ** piety under Trog
  1977 | D:3      | You fall into a shaft and drop 2 floors!
  1977 | D:5      | Entered Level 5 of the Dungeon
  1991 | D:5      | Noticed a water moccasin
  1998 | D:5      | HP: 1/29 [poisoned by a water moccasin]
  1998 | D:5      | Slain by a water moccasin

Illustrated notes

Levels and vault maps discovered:
D:1:      zaba_arrival_water, layout_basic
D:2:      layout_rooms
D:3:      layout_loops_cross, minivault_27, minmay_pentangle
D:5:      layout_basic, nicolae_hepliaklqana_hazy_memory, tgw_trog

Skill      XL: |  1  2 |
---------------+-------+-----
Axes           | 3 |  3.3
Dodging        | 2 |  2.1
Fighting       | |  3.4
Armour         | |  1.9
Stealth        | |  0.2

Action                   || total
-------------------------++-------
Melee: Hand axe          ||    71
       War axe           ||    30
Throw: Dart              ||     2
Invok: Berserk           ||     1
  Use: Scroll            ||     3
Armor: Animal skin       ||    10
       Leather armour    ||    16
       Ring mail         ||     2
Dodge: Dodged            ||    91
Block: Other             ||    22

Table legend: (Time is in decaauts)
 A = Elapsed time spent in this place.
 B = Non-inter-level travel time spent in this place.
 C = Inter-level travel time spent in this place.
 D = Time resting spent in this place.
 E = Time spent auto-exploring this place.
 F = Levels seen in this place.
 G = Mean time per level.
                   A        B        C        D        E       F      G
               +--------+--------+--------+--------+--------+-----+--------+
         Total |   2035 |   2035 |      0 |    273 |      0 |   4 |  508.8 |
       Dungeon |   2035 |   2035 |      0 |    273 |      0 |   4 |  508.8 |
               +--------+--------+--------+--------+--------+-----+--------+

Top non-repeatable levels by time:
     D:1: 1282 daAuts
     D:2: 718 daAuts
     D:5: 22 daAuts
     D:3: 12 daAuts
